 Dungeon Crawl Stone Soup version 0.14.0-15-g6b16f67 (webtiles) character file.

775 Deemzul the Skirmisher (level 7, -4/69 HPs)
             Began as a Naga Fighter on Apr 18, 2014.
             Slain by an orc warrior
             ... wielding a +0,+0 halberd
              (19 damage)
             ... on Level 6 of the Dungeon.
             The game lasted 00:05:42 (3409 turns).

Deemzul the Skirmisher (Naga Fighter)               Turns: 3409, Time: 00:05:42

HP  -4/69        AC  5     Str 20      XL: 7   Next: 27%
MP   7/7         EV  4     Int 12      God:
Gold 233         SH 17     Dex 10      Spells:  0 memorised,  6 levels left

rFire  . . .     SeeInvis +     a - +0 war axe
rCold  . . .     Clarity  .     b - +0 scale mail
rNeg   . . .     Conserve .     c - +0 shield
rPois  +         rCorr    .     (no helmet)
rElec  .         rRot     .     (no cloak)
SustAb . .       Spirit   .     (no gloves)
rMut   .         Warding  .     (no barding)
Saprov . . .     Stasis   .     (no amulet)
MR     .....                    D - +3 ring of intelligence
                                v - ring of flight

@: short of breath, very slow, not resistant to hostile enchantments, extremely
unstealthy
A: spit poison, see invisible, breathe flames 1, deformed body, poison
resistance, slowness 2, AC +2
a: Spit Poison, Breathe Fire, Evoke Flight


You were on level 6 of the Dungeon.
You were hungry.

You visited 1 branch of the dungeon, and saw 6 of its levels.

You collected 233 gold pieces.

Inventory:

Hand weapons
 a - a +0,+0 war axe (weapon)
Armour
 b - a +0 scale mail (worn)
 c - a +0 shield (worn)
Magical devices
 t - a wand of flame (13) {unknown}
 C - a wand of paralysis (9) {unknown}
Comestibles
 d - 3 bread rations
 o - 2 meat rations
 r - a choko
 z - 2 apples
 G - 2 chunks of orc flesh
Scrolls
 g - 3 scrolls of remove curse
 h - 4 scrolls of identify
 l - 3 scrolls of immolation {unknown}
 m - 2 scrolls of recharging {unknown}
 n - a scroll of amnesia {unknown}
 q - a scroll of teleportation {unknown}
 s - a scroll of fog {unknown}
 y - a scroll of magic mapping {unknown}
 F - a scroll of random uselessness {unknown}
Jewellery
 v - a ring of flight (left hand)
 D - a +3 ring of intelligence (right hand)
 E - an uncursed ring of ice {unknown}
Potions
 e - 2 potions of might
 f - 2 potions of curing
 i - a potion of degeneration {unknown}
 j - 2 potions of cure mutation
 k - 2 potions of heal wounds {unknown}
 p - 2 potions of poison {unknown}
 u - 3 potions of haste {unknown}
 w - 2 potions of resistance {unknown}
 A - a potion of brilliance {unknown}
 B - a potion of paralysis {unknown}


   Skills:
 + Level 6.2 Fighting
 + Level 5.5 Axes
 - Level 2.4 Armour
 - Level 2.4 Shields


You had 6 spell levels left.
You didn't know any spells.

Dungeon Overview and Level Annotations

Branches:
Dungeon (6/15)
 Temple: D:4-7

Altars:


Innate Abilities, Weirdness & Mutations

You cannot wear boots.
You can spit poison.
Your serpentine skin is tough (AC +2).
You have supernaturally acute eyesight.
Armour fits poorly on your strangely shaped body.
Your system is resistant to poisons.
You cover ground very slowly.
You can breathe flames.


Message History

You fail to use your ability.
The orc warrior barely misses you.
Use which ability? (? or * to list)
Press: ? - help, Shift-Dir - straight line, f - phantom, p - orc warrior
Aim: a phantom You breathe a blast of fire.
The fiery breath hits the orc warrior.
The orc warrior is severely wounded.
The fiery breath misses the phantom.
You are feeling hungry.
You block the orc warrior's attack.
Unknown command.
You hit the orc warrior.
The orc warrior is severely wounded.
The orc warrior closely misses you. You block the phantom's attack.
Unknown command.
You hit the phantom.
The phantom is lightly damaged.
You closely miss the orc warrior.
The orc warrior is severely wounded.
The orc warrior hits you with a halberd!
You die...

#.........#
#.........#
#.........#
#.........#
##........#
#.........#
#.........#
#.......po#
#........@#
#.........#
#.........#
#.........#
#.........#
#.........#
#.........#
#<.....<..#
#...........


You could see a phantom and an orc warrior.

Vanquished Creatures
  Sigmund (D:2)
  A giant frog (D:6)
  A scorpion (D:3)
  A centaur zombie (D:5)
  An orc wizard (D:6)
  5 worker ants
  Jessica (D:3)
  2 hound skeletons (D:5)
  A gnoll (D:1)
  4 adders
  2 worms
  2 giant geckos
  8 orcs
  6 bats
  6 giant cockroaches
  4 goblins
  12 hobgoblins
  6 jackals
  7 kobolds
  An orc skeleton (D:4)
  2 quokkas
  6 rats
80 creatures vanquished.

Notes
Turn   | Place    | Note
--------------------------------------------------------------
     0 | D:1      | Deemzul, the Naga Fighter, began the quest for the Orb.
     0 | D:1      | Reached XP level 1. HP: 21/21 MP: 1/1
   148 | D:1      | Reached XP level 2. HP: 22/28 MP: 2/2
   495 | D:1      | Reached XP level 3. HP: 29/34 MP: 3/3
   889 | D:2      | Noticed Sigmund
   902 | D:2      | Killed Sigmund
   902 | D:2      | Reached skill level 4 in Fighting
   902 | D:2      | Reached XP level 4. HP: 8/45 MP: 4/4
   902 | D:2      | Reached XP level 5. HP: 9/51 MP: 5/5
  1751 | D:3      | Reached skill level 5 in Fighting
  1941 | D:3      | Noticed Jessica
  1947 | D:3      | Killed Jessica
  1947 | D:3      | Reached XP level 6. HP: 48/61 MP: 6/6
  2286 | D:4      | Gained mutation: You can breathe flames. [potion of beneficial mutation]
  2708 | D:5      | Entered Level 5 of the Dungeon
  2856 | D:5      | Reached skill level 5 in Axes
  3001 | D:5      | Reached XP level 7. HP: 61/68 MP: 7/7
  3244 | D:6      | Reached skill level 6 in Fighting
  3409 | D:6      | Slain by an orc warrior

Action                   |  1- 3 |  4- 6 |  7- 9 || total
-------------------------+-------+-------+-------++-------
Melee: War axe           |   108 |   183 |    28 ||   319
 Abil: Breathe Fire      |       |     4 |     2 ||     6
       Spit Poison       |       |     3 |     7 ||    10
       Evoke Flight      |       |       |     1 ||     1
  Use: Potion            |     6 |     3 |       ||     9
       Scroll            |       |     3 |       ||     3
